 Dungeon Crawl Stone Soup version 0.29-a0-322-g68df515428 (webtiles) character file.

Game seed: 8558225651097743571

367 kae the Firebug (level 6, -10/38 HPs)
             Began as a Tengu Fire Elementalist on Apr 7, 2022.
             Was an Initiate of Sif Muna.
             Mangled by a yak (11 damage)
             ... on level 5 of the Dungeon.
             The game lasted 00:03:26 (5032 turns).

kae the Firebug (Tengu Fire Elementalist)           Turns: 5032, Time: 00:03:26

Health: -10/38     AC:  5    Str:  9    XL:     6   Next: 69%
Magic:  8/11       EV: 19    Int: 17    God:    Sif Muna [......]
Gold:   264        SH:  0    Dex: 12    Spells: 4/10 levels left

rFire   . . .      SeeInvis .   d - +1 whip
rCold   . . .      Faith    .   (no shield)
rNeg    . . .      Spirit   .   a - +0 robe
rPois   .          Reflect  .   (helmet restricted)
rElec   .          Harm     .   g - +2 cloak
rCorr   .          Rampage  .   (no gloves)
Will    .....                   (boots unavailable)
Stlth   ++........              (no amulet)
HPRegen 0.12/turn               k - +4 ring of evasion
MPRegen 0.12/turn               (no ring)

@: mighty, lethally poisoned (-10 -> -11), flying quickly and evasively, quick
A: beak, talons 3, nimble flight, clumsy 1, robust 1
a: Renounce Religion


You were on level 5 of the Dungeon.
You worshipped Sif Muna.
Sif Muna was noncommittal.
You visited 2 branches of the dungeon, and saw 6 of its levels.

You collected 366 gold pieces.
You spent 102 gold pieces at shops.

Inventory:

Hand Weapons
 d - a +1 whip (weapon)
Armour
 a - a +0 robe (worn)
 g - a +2 cloak (worn)
Jewellery
 j - a ring of ice
 k - a +4 ring of evasion (left hand)
Wands
 i - a wand of polymorph (7)
Scrolls
 h - 2 scrolls of immolation
 n - a scroll of holy word
Potions
 b - 3 potions of magic
 c - 4 potions of curing
 e - a potion of haste
 f - 4 potions of flight
 m - a potion of might
 p - a potion of heal wounds


   Skills:
 + Level 2.1 Fighting
 + Level 2.3 Armour
 + Level 3.4 Dodging
 - Level 2.0 Stealth
 + Level 2.9 Spellcasting
 + Level 3.4 Conjurations
 * Level 5.1 Fire Magic


You had 4 spell levels left.
You knew the following spells:

 Your Spells              Type           Power      Damage    Failure   Level
a - Foxfire               Conj/Fire      68%        2x1d7     3%          1
b - Scorch                Fire           40%        2d7       3%          2
c - Conjure Flame         Conj/Fire      17%        6-21      9%          3

Your spell library contained the following spells:

 Spells                   Type           Power      Damage    Failure   Level
 Inner Flame              Hex/Fire       11%        N/A       19%         3
 Ensorcelled Hibernation  Hex/Ice        4%         N/A       26%         2
 Passwall                 Tmut/Erth      1%         N/A       26%         2
 Flame Wave               Conj/Fire      17%        2d6       30%         4
 Confusing Touch          Hex            2%         N/A       47%         3
 Frozen Ramparts          Ice            4%         1d2       47%         3
 Swiftness                Air            2%         N/A       47%         3
 Ice Form                 Ice/Tmut       2%         N/A       87%         4
 Summon Ice Beast         Ice/Summ       2%         N/A       87%         4
 Yara's Violent Unravell  Hex/Tmut       1%         3d3       99%         5
 Enfeeble                 Hex            1%         N/A       100%        7


Dungeon Overview and Level Annotations

Branches:
Dungeon (5/15)             Temple (1/1) D:4

Altars:
Ashenzari
Cheibriados
Dithmenos
Elyvilon
Fedhas
Gozag
Hepliaklqana
Kikubaaqudgha
Makhleb
Nemelex Xobeh
Okawaru
Qazlal
Ru
Sif Muna
Trog
Uskayaw
Vehumet
Wu Jian
Xom
Yredelemnul
Zin
The Shining One

Shops:
D:1 *(

Annotations:
D:2 Sigmund
D:3 Grinder
D:5 exclusion: 4 yaks


Innate Abilities, Weirdness & Mutations

You have a beak for a mouth.
You have claws for feet.
Your magical nature lets you fly swiftly and evasively.
You are clumsy. (Dex -2)
You are robust. (+10% HP)


Message History

Found a scroll of torment.
Found 14 gold pieces.
An adder comes into view.
Found a whip.
The adder hisses angrily.
The adder barely misses you.
You miss the adder. Your kick misses the adder. The adder closely misses you.
You barely miss the adder. You claw the adder!
The adder is almost dead.
You hear the quick hiss of an avalanche of sand.
The adder barely misses you.
You miss the adder.
The adder is almost dead.
The adder completely misses you. The adder barely misses you.
You closely miss the adder. Your kick misses the adder.
The adder is almost dead.
The adder completely misses you.
You barely miss the yak. You claw the yak.
The yak is lightly wounded.
The adder barely misses you. The yak gores you. The adder bites you.
You are poisoned.
The adder poisons you!
You barely miss the adder. Your kick misses the adder.
The adder is almost dead.
You feel sick. The yak completely misses you. The adder misses you.
The yak misses you. The yak barely misses you.
You barely miss the adder. Your kick misses the adder.
Your punch misses the adder.
The adder is almost dead.
You feel sick. The adder bites you but does no damage.
The yak completely misses you. The yak gores you. The yak barely misses you.
The adder bites you.
* * * LOW HITPOINT WARNING * * *
You barely miss the adder. You claw the adder.
You kill the adder!
Sif Muna accepts your kill.
You feel sick. The yak closely misses you. The yak gores you!
* * * LOW HITPOINT WARNING * * *
The yak gores you!
You die...

#......#..# ..##...
#####....#
...#.......# ##..##
...........# #..Y##
.$.#.......#
#$...##..##.......#
####.Y#.# #.......#
##..## +...)...#
##YY###.......#
##..##@Y.....#
##..#YY######
##..Y.# ##...#
##.## ###


You could see 4 yaks.

Vanquished Creatures
  A sky beast (D:5)
  Blork the orc (D:5)
  A hound (D:4)
  Ijyb (D:3)
  2 iguanas
  4 adders
  A worm (D:4)
  4 dart slugs
  3 ball pythons
  2 bats
  6 endoplasms
  A giant cockroach (D:1)
  6 goblins (D:2)
  14 hobgoblins
  3 jackals (D:2)
  A quokka (D:3)
  2 frilled lizards
  6 kobolds
  5 rats
64 creatures vanquished.

Vanquished Creatures (others)
  127 foxfires
127 creatures vanquished.

Grand Total: 191 creatures vanquished

Notes
Turn   | Place    | Note
-------+----------+-------------------------------------------
     0 | D:1      | kae the Tengu Fire Elementalist began the quest for the
                  | Orb.
     0 | D:1      | Reached XP level 1. HP: 10/10 MP: 4/4
   132 | D:1      | Found Doanwigy's Assorted Antiques.
   342 | D:1      | Reached XP level 2. HP: 16/16 MP: 3/6
   383 | D:1      | Bought a sedimented pink potion for 18 gold pieces
   392 | D:1      | Found Xuader's Antique Weapon Boutique.
   844 | D:1      | Found a faded altar of an unknown god.
  1298 | D:2      | Noticed Sigmund
  1496 | D:2      | Reached XP level 3. HP: 20/20 MP: 5/7
  1701 | D:2      | Reached skill level 1 in Armour
  1797 | D:2      | Reached skill level 4 in Fire Magic
  1810 | D:2      | Learned a level 2 spell: Scorch
  1814 | D:2      | Learned a level 3 spell: Conjure Flame
  1916 | D:2      | Reached skill level 1 in Fighting
  1916 | D:2      | Reached XP level 4. HP: 25/25 MP: 5/8
  2238 | D:1      | Bought 3 scrolls labelled WEOGROA PEUR for 63 gold pieces
  2238 | D:1      | Bought a scroll labelled ZOISUCSETO for 21 gold pieces
  2289 | D:3      | Noticed Grinder
  2307 | D:3      | Noticed Ijyb
  2349 | D:3      | Killed Ijyb
  2527 | D:3      | Gained mutation: Your magical nature lets you fly swiftly
                  | and evasively. [Tengu growth]
  2527 | D:3      | Reached XP level 5. HP: 24/29 MP: 3/9
  3663 | D:4      | Found a shimmering altar of Xom.
  3701 | D:4      | Found a snail-covered altar of Cheibriados.
  3807 | D:4      | Found an opulent altar of Gozag.
  3809 | D:4      | Found a white marble altar of Elyvilon.
  3818 | D:4      | Found a staircase to the Ecumenical Temple.
  3829 | Temple   | Entered the Ecumenical Temple
  4022 | Temple   | Became a worshipper of Sif Muna the Loreminder
  4238 | D:4      | Identified the +11 scale mail of the Turtledove {-Cast
                  | rElec Regen+ Str+4}
  4251 | D:4      | Found a hide-covered altar of Uskayaw.
  4253 | D:4      | Found a stormy altar of Qazlal.
  4652 | D:5      | Entered Level 5 of the Dungeon
  4869 | D:5      | Noticed a yak
  4869 | D:5      | Noticed a yak
  4869 | D:5      | Noticed a yak
  4869 | D:5      | Noticed a yak
  4935 | D:5      | Noticed a sky beast
  4947 | D:5      | Killed a sky beast
  4948 | D:5      | Reached skill level 5 in Fire Magic
  4948 | D:5      | Reached XP level 6. HP: 35/35 MP: 4/11
  4956 | D:5      | Noticed Blork the orc
  4969 | D:5      | Gained mutation: You are clumsy. (Dex -2) [potion of
                  | mutation]
  4969 | D:5      | Gained mutation: You are robust. (+10% HP) [potion of
                  | mutation]
  4972 | D:5      | Killed Blork the orc
  5032 | D:5      | HP: 1/38 [yak (9)]
  5032 | D:5      | Mangled by a yak

Illustrated notes

Levels and vault maps discovered:
D:1:      psy_arrival_radial02, layout_rooms, serial_shops,
          nicolae_shop_crystal, shop, ebering_ecumenical_altar_box
D:2:      cheibrodos_greedy_goblins, layout_rooms, kennysheep_generic_room_2,
          uniq_sigmund
D:3:      layout_loops_corners, kennysheep_generic_room_8, uniq_ijyb,
          uniq_grinder
D:4:      layout_rooms, grunt_temple_overflow_open, cheibrodos_worm_habitat,
          minmay_temple_entry_drinking_statues
D:5:      layout_rooms, nicolae_ossuary_entry_giza, uniq_blork_the_orc
Temple:   regret_index_temple_sphere_string

Skill      XL: |  1  2  3  4  5  6 |
---------------+-------------------+-----
Armour         | 1 2 |  2.3
Conjurations   | 2 3 |  3.4
Fire Magic     | 4 5 |  5.1
Fighting       | 1 2 |  2.1
Dodging        | 3 |  3.4
Stealth        | |  2.0
Spellcasting   | |  2.9

Action                   |  1- 3 |  4- 6 || total
-------------------------+-------+-------++-------
Melee: Whip              |    24 |    49 ||    73
       Kick              |     5 |    17 ||    22
       Peck              |     3 |     4 ||     7
       Punch             |     1 |       ||     1
       Unarmed           |       |    11 ||    11
 Cast: Foxfire           |    51 |    23 ||    74
       Scorch            |       |    14 ||    14
  Use: Scroll            |     1 |    10 ||    11
       Potion            |       |     2 ||     2
Armor: Robe              |     8 |    10 ||    18
       Skin              |       |     5 ||     5
Dodge: Dodged            |    23 |    52 ||    75

Table legend: (Time is in decaauts)
 A = Elapsed time spent in this place.
 B = Non-inter-level travel time spent in this place.
 C = Inter-level travel time spent in this place.
 D = Time resting spent in this place.
 E = Time spent auto-exploring this place.
 F = Levels seen in this place.
 G = Mean time per level.
                   A        B        C        D        E       F      G
               +--------+--------+--------+--------+--------+-----+--------+
         Total |   4873 |   4594 |    279 |    367 |   3656 |   6 |  812.2 |
       Dungeon |   4687 |   4433 |    254 |    367 |   3509 |   5 |  937.4 |
        Temple |    186 |    161 |     25 |      0 |    147 |   1 |  186.0 |
               +--------+--------+--------+--------+--------+-----+--------+

Top non-repeatable levels by time:
     D:1: 1217 daAuts
     D:2: 1124 daAuts
     D:3: 1106 daAuts
     D:4: 878 daAuts
     D:5: 360 daAuts
  Temple: 186 daAuts
